 Dungeon Crawl Stone Soup version 0.29.0-4-gdea44cf6ec (webtiles) character file.

Game seed: 17948224691195953147

45 qw the Ruffian (level 3, -3/28 HPs)
             Began as a Ghoul Fire Elementalist on Aug 29, 2022.
             Slain by an iguana (10 damage)
             ... on level 4 of the Dungeon.
             The game lasted 00:01:27 (1822 turns).

qw the Ruffian (Ghoul Fire Elementalist)            Turns: 1822, Time: 00:01:27

Health: -3/28      AC:  5    Str: 13    XL:     3   Next: 64%
Magic:  4/4        EV: 10    Int: 10    God:
Gold:   67         SH:  0    Dex:  9    Spells: 4/5 levels left

rFire   . . .      SeeInvis .     - Unarmed
rCold   + . .      Faith    .   (no shield)
rNeg    + + +      Spirit   .   b - +0 ring mail
rPois   inf        Reflect  .   (no helmet)
rElec   .          Harm     .   (no cloak)
rCorr   .          Rampage  .   (no gloves)
Will    .....                   (no boots)
Stlth   +.........              (no amulet)
HPRegen 0.00/turn               (no ring)
MPRegen 0.09/turn               (no ring)

@: inhibited regen
A: claws 1, cold resistance 1, negative energy resistance 3, inhibited
regeneration, torment resistance 2, devour on kill
a: no special abilities


You were on level 4 of the Dungeon.
You visited 1 branch of the dungeon, and saw 3 of its levels.

You collected 67 gold pieces.


Innate Abilities, Weirdness & Mutations

You are immune to poison.
You have sharp fingernails.
Your flesh is cold resistant. (rC+)
You are immune to negative energy. (rN+++)
You do not regenerate when monsters are visible.
You are immune to unholy pain and torment.
You thrive by killing the living.


   Skills:
 - Level 1.2 Fighting
 - Level 1.7 Dodging
 - Level 2.1 Stealth
 + Level 3.1 Unarmed Combat
 - Level 1.7 Spellcasting
 - Level 0.7 Conjurations
 - Level 2.4 Fire Magic


You had 4 spell levels left.
You knew the following spells:

 Your Spells              Type           Power      Damage    Failure   Level
a - Foxfire               Conj/Fire      16%        2x1d4     36%         1

Your spell library contained the following spells:

 Spells                   Type           Power      Damage    Failure   Level
 Scorch                   Fire           10%        2d6       36%         2
 Conjure Flame            Conj/Fire      4%         6-21      73%         3
 Inner Flame              Hex/Fire       3%         N/A       78%         3
 Flame Wave               Conj/Fire      4%         2d5       98%         4

Inventory:

Missiles
 e - 2 boomerangs (quivered)
Armour
 b - a +0 ring mail (worn)
Scrolls
 a - a scroll of magic mapping {unknown}
 d - 3 scrolls of identify
 f - a scroll of blinking {unknown}

Dungeon Overview and Level Annotations

Branches:
Dungeon (2/15)

Altars:
Trog


Message History

You throw a javelin. The javelin pierces through the iguana.
The iguana is lightly wounded.
Throw: 2 boomerangs
Press: ? - help, Q - select action Shift-Dir - straight line, f/p - iguana You throw a boomerang.
The boomerang hits the iguana but does no damage.
The iguana is lightly wounded.
The iguana hisses menacingly.
You scratch the iguana.
The iguana is moderately wounded.
The iguana barely misses you.
You scratch the iguana but do no damage.
The iguana is moderately wounded.
The iguana barely misses you.
You completely miss the iguana.
The iguana is moderately wounded.
The iguana closely misses you.
You scratch the iguana.
The iguana is moderately wounded.
The iguana bites you!
You closely miss the iguana.
The iguana is moderately wounded.
The iguana closely misses you.
You closely miss the iguana.
The iguana is moderately wounded.
The iguana bites you.
You barely miss the iguana.
The iguana is moderately wounded.
The iguana hisses menacingly.
The iguana completely misses you.
You completely miss the iguana.
The iguana is moderately wounded.
The iguana barely misses you.
You scratch the iguana but do no damage.
The iguana is moderately wounded.
The iguana bites you!
You barely miss the iguana.
The iguana is moderately wounded.
The iguana bites you!
You die...

. . #. #.## ...
(####.# #+#
.......##.#
...._.l@#.#
.~#...#.#.#
#####...############
####................#
#....:..............#
####...#^...........#
#...#............#
#...#............#
#####.......######


You could see an iguana.

Vanquished Creatures
  An adder (D:2)
  A dart slug (D:1)
  3 orcs (D:4)
  5 ball pythons
  3 bats
  An endoplasm (D:2)
  A giant cockroach (D:1)
  A goblin (D:4)
  3 hobgoblins (D:1)
  A kobold (D:1)
  A quokka (D:2)
  5 frilled lizards
  6 rats (D:1)
32 creatures vanquished.

Notes
Turn   | Place    | Note
-------+----------+-------------------------------------------
     0 | D:1      | qw the Ghoul Fire Elementalist began the quest for the Orb.
     0 | D:1      | Reached XP level 1. HP: 14/14 MP: 2/2
     0 | D:1      | 0 ||| qw: Version: 0.1-a-90-g952f4b7
     0 | D:1      | 0 ||| qw: Game counter: 3717
     0 | D:1      | 0 ||| qw: Always use a shield: true
     0 | D:1      | 0 ||| qw: God list: Okawaru
     0 | D:1      | 0 ||| qw: Allow faded altars: false
     0 | D:1      | 0 ||| qw: Do Orc after D:15 true
     0 | D:1      | 0 ||| qw: Do second Lair branch before Depths: true
     0 | D:1      | 0 ||| qw: Lair rune preference: random
     0 | D:1      | 0 ||| qw: Plans: Normal
     0 | D:1      | 0 ||| PLANNING D:1-11
    23 | D:1      | 23 ||| DROPPING potion of magic.
    24 | D:1      | 24 ||| Stepping randomly (stuck).
    91 | D:1      | Reached skill level 1 in Unarmed Combat
    92 | D:1      | 92 ||| READING scroll labelled REDETUNKOTY.
    93 | D:1      | 93 ||| Stepping randomly (stuck).
   189 | D:1      | Reached skill level 1 in Fighting
   189 | D:1      | Reached XP level 2. HP: 12/23 MP: 3/3
   365 | D:1      | Found a faded altar of an unknown god.
   888 | D:1      | Reached skill level 2 in Unarmed Combat
   948 | D:1      | 948 ||| Stepping ~*~*~tactically~*~*~ (outnumbered).
  1252 | D:1      | 1252 ||| UPGRADING to +0 ring mail.
  1262 | D:1      | 1262 ||| DROPPING +0 robe.
  1263 | D:1      | 1263 ||| READING 4 scrolls of identify.
  1263 | D:1      | 1263 ||| IDENTIFYING grey potion
  1264 | D:1      | 1264 ||| DROPPING potion of attraction.
  1274 | D:2      | 1274 ||| Stepping ~*~*~tactically~*~*~ (outnumbered).
  1281 | D:2      | HP: 4/23 [adder (3)]
  1283 | D:2      | Reached XP level 3. HP: 4/28 MP: 4/4
  1702 | D:2      | You fall into a shaft and drop 2 floors!
  1703 | D:4      | 1703 ||| PLANNING SEWER
  1729 | D:4      | 1729 ||| Stepping ~*~*~tactically~*~*~ (stealth).
  1735 | D:4      | 1735 ||| Stepping ~*~*~tactically~*~*~ (stealth).
  1739 | D:4      | 1739 ||| Stepping ~*~*~tactically~*~*~ (outnumbered).
  1740 | D:4      | 1740 ||| Stepping ~*~*~tactically~*~*~ (outnumbered).
  1742 | D:4      | 1742 ||| Stepping ~*~*~tactically~*~*~ (outnumbered).
  1743 | D:4      | 1743 ||| Stepping ~*~*~tactically~*~*~ (outnumbered).
  1744 | D:4      | 1744 ||| Stepping ~*~*~tactically~*~*~ (outnumbered).
  1746 | D:4      | Reached skill level 3 in Unarmed Combat
  1808 | D:4      | Found a bloodstained altar of Trog.
  1821 | D:4      | HP: 7/28 [iguana (9)]
  1822 | D:4      | Slain by an iguana

Levels and vault maps discovered:
D:1:      wander_arrival_fairy_ring, layout_basic,
          chequers_ecumenical_altar_simple_redux, kennysheep_crisscross,
          columned_hall_lemuel, minmay_pentomino_z2
D:2:      layout_loops_cross, serial_shops, nicolae_shop_advertising_works
          [nicolae_subvault_shop_adworks], shop_fountains,
          minmay_misc_feat_doors
D:4:      layout_basic, bloody_trog, gup_sewer_entry_pipe,
          pf_guarded_unrand_meek

Skill      XL: |  1  2  3 |
---------------+----------+-----
Unarmed Combat | 1 2 3 |  3.1
Fighting       | 1 |  1.2
Dodging        | |  1.7
Stealth        | |  2.1
Spellcasting   | |  1.7
Conjurations   | |  0.7
Fire Magic     | |  2.4

Action                   || total
-------------------------++-------
Melee: Unarmed           ||   115
       Punch             ||     1
Throw: Javelin           ||     2
       Boomerang         ||     1
  Use: Scroll            ||     2
Armor: Robe              ||    13
       Ring mail         ||    12
Dodge: Dodged            ||    57

Table legend:
 A = Non-vault XP
 B = Vault XP
 C = Vault XP percentage of total XP
 D = Non-vault monster count
 E = Vault monster count
 F = Vault count percentage of total count
                 A         B        C        D         E       F
            +---------+---------+-------+---------+---------+-------
      Total |      62 |       3 |   4.6 |      30 |       2 |   6.2
            +---------+---------+-------+---------+---------+-------
        D:1 |      29 |       3 |   9.4 |      19 |       2 |   9.5
        D:2 |      22 |       0 |   0.0 |       7 |       0 |   0.0
        D:4 |      11 |       0 |   0.0 |       4 |       0 |   0.0
            +---------+---------+-------+---------+---------+-------
